 Dungeon Crawl Stone Soup version 0.14-a0-1626-g054e7ae (webtiles) character file.

282793 4tharraofdagon the Impaler (level 20, -8/175 (176) HPs)
             Began as a Ghoul Gladiator on Dec 23, 2013.
             Was the Champion of Makhleb.
             Mangled by an orc knight
             ... wielding a +0,+2 orcish dire flail of holy wrath
              (27 damage)
             ... on Level 2 of the Vaults on Dec 25, 2013.
             The game lasted 04:20:46 (25940 turns).

4tharraofdagon the Impaler (Ghoul Gladiator)       Turns: 25940, Time: 04:20:46

HP  -8/175 (176) AC 26     Str 31      XL: 20   Next:  2%
MP  36/36        EV 14     Int 10      God: Makhleb [******]
Gold 2341        SH  0     Dex 18      Spells:  9 memorised, 24 levels left

rFire  . . .     SeeInvis .     y - -2,+3 glaive of Naelicao {freeze, rC++}
rCold  + + +     Clarity  .     R - +8 chain mail of Makhleb's Hope {Dex+4 Int+4}
rNeg   + + +     Conserve +     (no shield)
rPois  +         rCorr    .     c - -1 helmet
rElec  .         rRot     +     F - +1 cloak {+Inv}
SustAb . .       Spirit   .     u - +0 pair of gloves {Str+3}
rMut   .         Warding  .     H - +0 pair of boots
Saprov + + +     Stasis   .     J - amulet of conservation
                                n - +3 ring of intelligence
                                I - ring of regeneration

@: agile, rotting, quite resistant to hostile enchantments, extremely unstealthy
A: rotting body, claws 1, carnivore 3, cold resistance 1, life protection 3,
poison resistance, saprovore 3, slow healing 1, torment resistance, unbreathing
a: Minor Destruction, Lesser Servant of Makhleb, Major Destruction, Greater
Servant of Makhleb, Renounce Religion, Evoke Invisibility
}: 3/15 runes: serpentine, barnacled, slimy


You were on level 2 of the Vaults.
You worshipped Makhleb.
Makhleb was exalted by your worship.
You were not hungry.

You visited 8 branches of the dungeon, and saw 47 of its levels.
You visited the Abyss 1 time.
You also visited: Labyrinth, Sewer and Bailey.

You collected 4414 gold pieces.
You spent 2073 gold pieces at shops.

Inventory:

Hand weapons
 b - a +6,+3 demon trident of venom
 y - the -2,+3 glaive of Naelicao (weapon) {freeze, rC++}
   (You acquired it in a labyrinth)

   It has been specially enchanted to freeze those struck by it, causing extra
   injury to most foes and up to double damage against particularly susceptible
   opponents.
   It can also slow down cold-blooded creatures.
   It greatly protects you from cold.
Armour
 c - a -1 helmet (worn)
 u - a +0 pair of gloves of strength (worn)
 F - a +1 cloak of darkness (worn)
 H - a +0 pair of boots (worn)
 R - the +8 chain mail of Makhleb's Hope (worn) {Dex+4 Int+4}
   (You bought it in a shop on level 4 of the Orcish Mines)

   It affects your intelligence (+4).
   It affects your dexterity (+4).
 T - a +0 fire dragon armour
Magical devices
 e - a wand of hasting (2)
 m - a wand of disintegration (0)
 o - a wand of invisibility (6)
 z - a wand of digging (15)
 S - a wand of heal wounds (4)
Comestibles
 V - 11 meat rations
Scrolls
 i - 3 scrolls of fog
 p - 2 scrolls of magic mapping
 s - a scroll of blinking
 t - 3 scrolls of enchant armour
 v - 4 scrolls of immolation
 B - 2 scrolls of identify
 E - a scroll of summoning
 N - 7 scrolls of remove curse
 U - a scroll of torment
 Z - 5 scrolls of noise
Jewellery
 g - the ring of Baff {Wiz rF- rC+ Str-4 Int+3}
   (You took it off a deep elf death mage on level 3 of the Elven Halls)

   [ring of wizardry]

   It affects your strength (-4).
   It affects your intelligence (+3).
   It makes you vulnerable to fire.
   It protects you from cold.
 j - an uncursed ring of sustain abilities
 k - an uncursed amulet of clarity
 n - a +3 ring of intelligence (right hand)
 q - an uncursed ring of flight
 A - an uncursed amulet of resist mutation
 G - an uncursed amulet of resist corrosion
 I - a ring of regeneration (left hand)
 J - an amulet of conservation (around neck)
 K - an uncursed ring of fire
 X - an uncursed ring of see invisible
Potions
 d - 7 potions of restore abilities
 f - a potion of heal wounds
 l - 10 potions of curing
 C - a potion of agility
 M - a potion of brilliance
 Q - a potion of resistance
Magical staves
 a - an uncursed staff of energy
Miscellaneous
 h - a phial of floods
 x - a phial of floods
 L - a sack of spiders
 O - a fan of gales
 P - a fan of gales
 W - a phial of floods (inert)
 Y - a lamp of fire (inert)
Rods
 w - a +4 rod of the swarm (14/14)
   (You found it on level 5 of the Shoals)


   Skills:
 + Level 14.7 Fighting
 * Level 20.1 Polearms
 - Level 1.7 Throwing
 + Level 12.5 Armour
 - Level 2.6 Dodging
 - Level 11.4 Spellcasting
 + Level 3.9 Charms
 - Level 9.0 Translocations
 - Level 4.2 Invocations
 + Level 16.6 Evocations


You had 24 spell levels left.
You knew the following spells:

 Your Spells              Type           Power        Failure   Level  Hunger
a - Apportation           Tloc           ###.......   1%          1    None
b - Animate Skeleton      Necr           N/A          34%         1    None
c - Blink                 Tloc           N/A          1%          2    None
d - Repel Missiles        Chrm/Air       #.........   24%         2    None
e - Swiftness             Chrm/Air       #.......     24%         2    None
f - Shroud of Golubria    Chrm/Tloc      ###.......   3%          2    None
g - Regeneration          Chrm/Necr      #.........   45%         3    ##.....
h - Summon Butterflies    Summ           #.......     34%         1    None
i - Flight                Chrm/Air       #.........   45%         3    ##.....


Dungeon Overview and Level Annotations

Branches:
Dungeon (14/16)            Temple (0/1) D:5             Orc (4/4) D:12
    Elf (3/3) Orc:3          Lair (8/8) D:9          Shoals (5/5) Lair:3
  Snake (5/5) Lair:3        Slime (6/6) Lair:8       Vaults (2/5) D:14
  Crypt: Vaults:2-3  Forest: Vaults:2-3

Altars:
Fedhas
Makhleb
Vehumet
Xom
Yredelemnul
the Shining One
Beogh
Jiyva

Shops:
D:4 (   Orc:4 !:!([   Elf:1 }}(   Elf:2 *

Annotations:
D:4 Dowan; Duvessa
D:7 confidenceinterval's ghost, experienced CeFi
D:12 RETURN TO ORCS FOR >???
D:13 RETURN TO ORCS FOR SCROLLS
D:14 exclusion: oklob plant
Shoals:1 exclusion: oklob plant, Nessos
Shoals:3 Polyphemus
Slime:2 exclusion: upstairs
Slime:5 exclusion: upstairs


Innate Abilities, Weirdness & Mutations

Your body is rotting away.
You have sharp fingernails.
You are carnivorous and can eat meat at any time.
Your flesh is cold resistant.
You are immune to negative energy.
Your system is resistant to poisons.
You thrive on rotten meat.
You heal slowly when monsters are visible.
You are immune to unholy pain and torment.
You can survive without breathing.


Message History

The frost giant misses you.
Your fire elemental hits the iron troll.
Your fire elemental burns the iron troll!
The iron troll resists.
Unknown command.
Unknown command.
You hit the frost giant but do no damage.
The frost giant is moderately wounded.
The orc knight picks up 17 arrows of frost.
The frost giant hits you with a runed great mace!
* * * LOW HITPOINT WARNING * * *
Unknown command.
Unknown command.
You slash the frost giant! You freeze the frost giant.
The frost giant is heavily wounded.
The orc wizard looks braver.
The orc knight hits you with an orcish dire flail of holy wrath!
* * * LOW HITPOINT WARNING * * *
You convulse!
You die...

+......##........+....
#......###########....
#....(.# #....
#....o.# #####
#####c### #..ch.#
#.#c#.# #.#o#.# # #@#
# #C# #C# #T# #E# #ยง#
#'# #.# #?#


You could see a frost giant, an iron troll, a stone giant, a yaktaur captain, an
orc knight, 2 yaktaurs, a warg, an orc wizard and a friendly fire elemental.

Vanquished Creatures
  the royal jelly (Slime:6)
  A profane servitor (Abyss:1)
  A deep elf blademaster (Elf:3)
  25 acid blobs
  2 deep elf master archers (Elf:3)
  A kraken (Shoals:5)
  An Executioner (Shoals:2)
  Rupert (Lair:8)
  A tengu reaver (Vaults:2)
  13 azure jellies
  3 deep elf sorcerers (Elf:3)
  A vault warden (Vaults:2)
  Louise (D:14)
  A cacodemon (Slime:6)
  A balrug (Slime:6)
  2 stone giants (Vaults:2)
  2 greater nagas (Snake:5)
  6 deep elf demonologists (Elf:3)
  A green death (Slime:6)
  Azrael (Snake:2)
  A deep elf annihilator (Elf:3)
  A merfolk javelineer (Shoals:5)
  2 merfolk impalers (Shoals:5)
  6 deep elf death magi (Elf:3)
  Snorg (Snake:1)
  2 deep elf high priests (Elf:3)
  A minotaur (Lab)
  10 death oozes
  3 salamanders (Snake:5)
  A great orb of eyes (Slime:4)
  A merfolk aquamancer (Shoals:5)
  7 anacondas (Snake:5)
  Erica (D:12)
  4 hydras
  An ogre mage (Vaults:1)
  An orc high priest (Orc:4)
  2 thrashing horrors (Abyss:2)
  23 naga warriors
  2 red-nosed reindeers (Lair:8)
  Urug (Snake:1)
  3 centaur warriors
  2 spectral elves (Elf:3)
  A very ugly thing (Abyss:2)
  Nergalle (D:10)
  A catoblepas (Shoals:3)
  13 deep elf knights
  7 sea snakes
  4 large abominations
  A wizard (D:14)
  9 lindwurms
  5 hill giants
  Pikel (D:5)
  10 harpies
  7 orc knights
  A harpy (shapeshifter) (D:14)
  4 deep elf conjurers
  Joseph (D:12)
  4 giant amoebae
  A wolf spider (Vaults:2)
  4 shining eyes
  3 orc sorcerers
  2 griffons
  33 black mambas
  9 elephants
  6 cyclopes
  6 guardian serpents
  A spiny worm (Lair:8)
  3 deep elf summoners
  2 vault sentinels (Vaults:2)
  An orange demon (Abyss:2)
  An eye of devastation (Slime:4)
  8 spiny frogs
  2 fire drakes (Lair:8)
  26 naga magi
  6 komodo dragons
  An ancient zyme (Abyss:2)
  A raiju (Abyss:2)
  4 yaktaurs (Vaults:2)
  5 deep elf priests
  A wandering mushroom (D:9)
  4 trolls
  2 giant fireflies (Lair:8)
  9 snapping turtles
  A boulder beetle (Lair:7)
  A hydra skeleton (D:14)
  Prince Ribbit (D:6)
  9 blink frogs
  45 slime creatures
  A grizzly bear (shapeshifter) (Elf:1)
  6 basilisks
  19 deep elf magi
  2 wraiths
  10 sharks
  20 ugly things
  15 brown oozes
  47 reindeers
  A trapdoor spider (Slime:6)
  2 water elementals
  3 orc zombies (Orc:4)
  17 deep elf fighters
  2 golden eyes (Slime:6)
  2 elephant slugs
  13 merfolk
  Eustachio (Orc:1)
  A steam dragon (D:11)
  5 fire elementals (Snake:2)
  4 vampire mosquitoes (Vaults:1)
  7 hippogriffs
  A hill giant skeleton (D:13)
  7 manticores
  A mottled dragon (Vaults:2)
  A hell hound (Snake:2)
  6 small abominations
  40 nagas
  4 necrophages (D:12)
  44 orc warriors
  2 freezing wraiths
  2 ice beasts
  5 porcupines
  15 ogres
  5 giant goldfish
  2 phantoms
  3 slaves (D:5)
  8 centaurs
  11 crocodiles
  2 rotting devils (D:12)
  A boring beetle (Lair:8)
  23 water moccasins
  3 wargs
  An octopode zombie (Abyss:2)
  6 giant slugs
  9 giant frogs
  A cyclops zombie (D:12)
  A wyvern zombie (D:12)
  13 agate snails
  5 brain worms (Lair:8)
  3 big kobolds
  A manticore zombie (D:9)
  7 eyes of draining
  A jellyfish (Lair:7)
  3 wights (D:12)
  17 killer bees
  2 pulsating lumps
  5 electric eels
  A centaur zombie (D:9)
  3 goliath beetles
  7 hounds
  2 crimson imps
  3 starcursed masses (Abyss:2)
  A two-headed ogre zombie (D:12)
  19 jellies
  2 big fish (Lair:7)
  28 orc priests
  3 iguanas
  20 orc wizards
  A siren (Sewer)
  4 scorpions
  An orange rat (Elf:1)
  16 mermaids
  11 sheep
  9 worker ants
  Ijyb (D:4)
  A mummy (D:11)
  20 adders
  3 gnolls (D:9)
  2 giant centipedes
  36 green rats
  An inept feature mimic (D:6)
  A shadow imp (Elf:3)
  7 giant mites
  A white imp (Abyss:1)
  An ufetubus (Shoals:3)
  14 worms
  A giant centipede zombie (D:9)
  An iguana skeleton (D:10)
  An iguana zombie (D:6)
  6 giant eyeballs
  5 giant geckos
  11 oozes
  207 orcs
  7 giant cockroaches
  14 goblins
  10 grey rats (Sewer)
  9 hobgoblins
  23 jackals
  9 quokkas
  5 ball pythons
  19 bats
  7 giant newts
  30 kobolds
  A kobold skeleton (D:7)
  A kobold zombie (D:5)
  A quokka skeleton (D:8)
  20 rats
  2 crawling corpses (Elf:3)
  A fungus (D:9)
  3 plants (Lair:8)
1462 creatures vanquished.

Vanquished Creatures (collateral kills)
  Saint Roka (Shoals:5)
  Lamia (Snake:5)
  Nikola (Shoals:1)
  A deep elf blademaster (Elf:3)
  Kirke (Snake:5)
  Ilsuiw (Shoals:5)
  A deep elf sorcerer (Elf:3)
  Maud (Lair:5)
  2 cacodemons
  Aizul (Snake:1)
  A deep elf demonologist (Elf:3)
  3 greater nagas (Snake:5)
  2 merfolk javelineers (Shoals:5)
  A death ooze (Slime:6)
  6 merfolk impalers
  2 salamanders (Snake:5)
  A fire dragon (Lair:8)
  A siren (Shoals:5)
  6 anacondas
  A merfolk aquamancer (Shoals:5)
  2 hydras (Lair:8)
  2 red-nosed reindeers (Shoals:3)
  2 naga warriors (Snake:5)
  A catoblepas (Lair:8)
  2 orc high priests (Orc:4)
  A sea snake (Shoals:5)
  3 orc knights (Orc:4)
  3 orc sorcerers
  5 guardian serpents (Snake:5)
  11 black mambas
  2 spiny worms (Lair:8)
  An orange demon (Orc:4)
  2 spiny frogs
  A mermaid (Shoals:5)
  5 naga magi (Snake:5)
  A fire drake (Lair:6)
  3 hellwings
  A polar bear (Lair:4)
  A giant firefly (Lair:8)
  A blink frog (Lair:8)
  A deep elf mage (Elf:1)
  3 snapping turtles (Shoals:5)
  3 reindeers (Lair:8)
  A guardian serpent skeleton (Abyss:1)
  A ynoxinul (Shoals:3)
  A trapdoor spider (Shoals:2)
  5 water elementals
  8 merfolk
  4 hippogriffs
  A manticore (Shoals:5)
  A porcupine (Lair:5)
  An ogre (Shoals:5)
  12 nagas
  6 orc warriors
  2 crocodiles (Lair:5)
  A giant slug (Lair:8)
  2 agate snails
  2 electric eels (Lair:8)
  2 reindeer skeletons (Orc:4)
  A jellyfish (Lair:8)
  An orc priest (Orc:4)
  3 orc wizards (Orc:4)
  11 green rats
  3 adders
  3 worms (Lair:8)
  6 ufetubi
  2 orc zombies (Orc:4)
  8 orcs
  2 bats
  2 jackals (Lair:4)
  A rat (Lair:4)
  7 rat skeletons (Orc:4)
  A fungus (Lair:6)
  A plant (Lair:8)
194 creatures vanquished.

Vanquished Creatures (others)
  An Executioner (Orc:4)
  2 balrugs
  3 green deaths
  3 blizzard demons (Snake:5)
  4 air elementals (Slime:6)
  A black mamba (Lair:8)
  A spiny frog (Lair:8)
  2 orange demons
  A hellwing (Lair:8)
  6 fire elementals
  3 water elementals
  2 deep elf magi
  7 trapdoor spiders (Slime:6)
  2 redbacks (Slime:6)
  3 humans (Snake:5)
  2 ynoxinuls
  A merfolk (Shoals:1)
  6 neqoxecs (Lair:8)
  A deep elf fighter (Elf:3)
  A crocodile (Lair:8)
  2 crimson imps
  3 quasits (Lair:8)
  3 shadow imps (Lair:8)
  4 green rats (Lair:8)
  A white imp (Lair:8)
  4 ufetubi (Lair:8)
  An orc (Vaults:2)
  4 rat skeletons (Orc:4)
  A bush (Lair:8)
  2 fungi
  A macabre mass (Elf:3)
  3 plants
  5 tentacles (Shoals:5)
  11 tentacle segments (Shoals:5)
97 creatures vanquished.

Grand Total: 1753 creatures vanquished

Notes
Turn   | Place    | Note
--------------------------------------------------------------
     0 | D:1      | 4tharraofdagon, the Ghoul Gladiator, began the quest for the Orb.
     0 | D:1      | Reached XP level 1. HP: 17/17 MP: 1/1
    99 | D:2      | Reached skill level 3 in Polearms
    99 | D:2      | Reached XP level 2. HP: 23/25 MP: 2/2
   169 | D:2      | Reached XP level 3. HP: 28/30 MP: 3/3
   242 | D:2      | Reached skill level 1 in Armour
   435 | D:3      | Reached XP level 4. HP: 23/37 MP: 3/3
   624 | D:3      | Found a radiant altar of Vehumet.
   766 | D:3      | Found a glowing drain.
   785 | Sewer    | Entered a sewer
   824 | Sewer    | Reached skill level 4 in Polearms
   824 | Sewer    | Reached XP level 5. HP: 41/45 MP: 4/4
  1142 | Sewer    | Reached XP level 6. HP: 50/52 MP: 5/5
  1502 | D:4      | Noticed Duvessa
  1504 | D:4      | Noticed Dowan
  1538 | D:5      | Entered Level 5 of the Dungeon
  1604 | D:6      | Paralysed by a giant eyeball for 3 turns
  1657 | D:6      | Reached skill level 5 in Polearms
  1657 | D:6      | Reached skill level 1 in Evocations
  1657 | D:6      | Reached XP level 7. HP: 43/59 MP: 5/6
  1707 | D:6      | Found a shimmering altar of Xom.
  1708 | D:6      | Found a burning altar of Makhleb.
  1714 | D:6      | Became a worshipper of Makhleb the Destroyer
  1739 | D:6      | Paralysed by a crimson imp for 5 turns
  1825 | D:7      | Found a glowing golden altar of the Shining One.
  2020 | D:7      | Noticed confidenceinterval's ghost (experienced CeFi)
  2110 | D:9      | Found a staircase to the Lair.
  2111 | D:9      | Noticed a wandering mushroom
  2143 | D:9      | Killed a wandering mushroom
  2143 | D:9      | Reached skill level 6 in Polearms
  2143 | D:9      | Reached XP level 8. HP: 62/67 MP: 7/9
  2248 | D:7      | Reached skill level 5 in Fighting
  2319 | D:7      | Noticed a hippogriff
  2354 | D:7      | Killed a hippogriff
  2407 | D:6      | Noticed Prince Ribbit
  2414 | D:6      | Killed Prince Ribbit
  2660 | D:4      | Noticed Ijyb
  2680 | D:4      | Killed Ijyb
  2806 | D:4      | Found Sharchekh's Antique Weapon Shoppe.
  2891 | D:5      | Acquired Makhleb's first power
  2973 | D:5      | Noticed Pikel
  2995 | D:5      | Killed Pikel
  2995 | D:5      | Reached skill level 7 in Polearms
  2995 | D:5      | Reached XP level 9. HP: 58/75 MP: 11/13
  3013 | D:5      | Found a staircase to the Ecumenical Temple.
  3124 | D:5      | You fall through a shaft!
  3191 | D:8      | Found a blossoming altar of Fedhas.
  3251 | D:9      | Noticed a troll
  3275 | D:9      | Turgon: Hi GhGl
  3286 | D:9      | 4tharraofdagon: hi
  3307 | D:9      | OFC
  3319 | D:9      | Killed a troll
  3319 | D:9      | Reached skill level 8 in Polearms
  3319 | D:9      | Reached skill level 5 in Armour
  3564 | D:10     | Entered Level 10 of the Dungeon
  3710 | D:9      | Acquired Makhleb's second power
  3767 | D:11     | Noticed a hill giant
  3809 | D:11     | Noticed a six-headed hydra
  3820 | D:11     | Turgon: This looks dangerous
  3843 | D:11     | Turgon: looked*
  3868 | D:11     | Noticed a hill giant
  3879 | D:11     | Killed a hill giant
  3879 | D:11     | Reached skill level 1 in Invocations
  3879 | D:11     | Reached XP level 10. HP: 79/86 MP: 13/13
  3885 | D:11     | Reached skill level 9 in Polearms
  4011 | D:11     | Turgon: Lab is more to the right I think
  4097 | D:11     | Noticed a cyclops
  4107 | D:11     | Killed a cyclops
  4136 | D:11     | Found a labyrinth entrance.
  4145 | Lab      | Entered a labyrinth
  4350 | Lab      | Identified a scroll of acquirement
  4350 | Lab      | 4tharraofdagon: weapon?
  4350 | Lab      | Turgon: lol, acqu
  4350 | Lab      | Turgon: don't know, it's your game
  4399 | Lab      | Noticed a minotaur
  4445 | Lab      | Killed a minotaur
  4484 | Lab      | 4tharraofdagon: wtf
  4484 | Lab      | Turgon: curare
  4484 | Lab      | 4tharraofdagon: what is this trash
  4484 | Lab      | Turgon: did you auto-pickup things?
  4489 | Lab      | 4tharraofdagon: yes
  4489 | Lab      | 4tharraofdagon: one acq
  4489 | Lab      | Turgon: acqu again!
  4490 | Lab      | Got a steaming glaive
  4491 | Lab      | Identified the -2,+3 glaive of Naelicao {freeze, rC++} (You acquired it in a labyrinth)
  4492 | Lab      | 4tharraofdagon: trash again
  4513 | Lab      | Turgon: *BUT* staff wiz
  4513 | Lab      | Turgon: This is great with 1 Int!
  4513 | Lab      | Turgon: ;-)
  4513 | Lab      | 4tharraofdagon: yes
  4522 | D:11     | Turgon: Faith (!)
  4626 | D:10     | Noticed Nergalle
  4655 | D:10     | Killed Nergalle
  4655 | D:10     | Reached skill level 10 in Polearms
  4680 | D:10     | Turgon: nergalle forgot to cast DDoor
  4763 | D:10     | Acquired Makhleb's third power
  4965 | Lair:1   | Entered Level 1 of the Lair of Beasts
  5021 | Lair:1   | Reached XP level 11. HP: 95/95 MP: 16/16
  5137 | Lair:1   | Turgon: This glaive is better than "trash", at least for the early game
  5140 | Lair:1   | Acquired Makhleb's fourth power
  5254 | Lair:2   | 4tharraofdagon: its just freeze
  5254 | Lair:2   | 4tharraofdagon: rc is uselesse
  5255 | Lair:3   | Found a staircase to the Snake Pit.
  5300 | Lair:2   | Turgon: Freeze is good in lair, it slows down many foes
  5336 | Lair:2   | Turgon: (as you will know I think)
  5569 | Lair:3   | Reached skill level 11 in Polearms
  5573 | Lair:3   | Acquired Makhleb's fifth power
  5600 | Lair:3   | Found a staircase to the Shoals.
  5675 | Lair:3   | Reached skill level 5 in Evocations
  5739 | Lair:2   | Turgon: Snake pits and shoals entrance three tiles away from each other (!)
  6074 | Lair:4   | Noticed a lindwurm
  6074 | Lair:4   | Noticed a lindwurm
  6074 | Lair:4   | Noticed a lindwurm
  6074 | Lair:4   | Noticed a lindwurm
  6079 | Lair:4   | Killed a lindwurm
  6086 | Lair:4   | Killed a lindwurm
  6090 | Lair:4   | Killed a lindwurm
  6098 | Lair:4   | Killed a lindwurm
  6098 | Lair:4   | Reached XP level 12. HP: 48/105 MP: 19/19
  6231 | Lair:4   | :)
  6461 | Lair:4   | Reached skill level 10 in Fighting
  6467 | Lair:4   | Reached skill level 12 in Polearms
  6612 | Lair:5   | Noticed Maud
  6622 | Lair:5   | Killed Maud
  6635 | Lair:5   | Daniel: hi
  6646 | Lair:5   | Turgon: Hi
  6785 | Lair:6   | Turgon: Friendly blizzard demon is so strong here
  6833 | Lair:8   | Entered Level 8 of the Lair of Beasts
  7390 | Lair:8   | Found a staircase to the Slime Pits.
  7421 | Lair:8   | Noticed an eight-headed hydra
  7428 | Lair:8   | Killed an eight-headed hydra
  7428 | Lair:8   | Reached XP level 13. HP: 106/114 MP: 22/22
  7429 | Lair:8   | Noticed Rupert
  7517 | Lair:7   | Reached skill level 13 in Polearms
  7583 | Lair:7   | Noticed a six-headed hydra
  7607 | Lair:7   | You fall through a shaft!
  7913 | Lair:8   | Noticed a death yak
  7913 | Lair:8   | Noticed a death yak
  7914 | Lair:8   | Noticed a five-headed hydra
  7962 | Lair:8   | Killed a death yak
  7964 | Lair:8   | Killed a death yak
  7981 | Lair:8   | Noticed a six-headed hydra
  7982 | Lair:8   | Killed a five-headed hydra
  7988 | Lair:8   | Killed a seven-headed hydra
  8530 | Lair:8   | Noticed a fire dragon
  8546 | Lair:8   | Killed a fire dragon
  8546 | Lair:8   | Reached skill level 10 in Armour
  9312 | D:12     | Found a staircase to the Orcish Mines.
  9339 | Orc:1    | Entered Level 1 of the Orcish Mines
  9361 | Orc:1    | Reached XP level 14. HP: 125/125 MP: 25/25
  9540 | Orc:2    | Reached skill level 14 in Polearms
  9935 | Orc:3    | Reached skill level 1 in Spellcasting
 10284 | Orc:1    | Noticed Eustachio
 10297 | Orc:1    | Killed Eustachio
 10338 | Orc:4    | Entered Level 4 of the Orcish Mines
 10650 | Orc:4    | Found Kugump's Distillery.
 10695 | Orc:4    | Bought a potion of curing for 28 gold pieces
 10695 | Orc:4    | Bought a potion of heal wounds for 42 gold pieces
 10695 | Orc:4    | Bought a potion of curing for 28 gold pieces
 10695 | Orc:4    | Bought a potion of heal wounds for 42 gold pieces
 10695 | Orc:4    | Bought a potion of curing for 28 gold pieces
 10695 | Orc:4    | Bought a potion of curing for 28 gold pieces
 10695 | Orc:4    | Bought a potion of curing for 28 gold pieces
 10695 | Orc:4    | Bought a potion of curing for 28 gold pieces
 10695 | Orc:4    | Bought a potion of restore abilities for 42 gold pieces
 10695 | Orc:4    | Bought a potion of speed for 77 gold pieces
 10695 | Orc:4    | Bought a potion of curing for 28 gold pieces
 10747 | Orc:4    | Yermak: What about sme lucky mutation?
 10749 | Orc:4    | 4tharraofdagon: ghol cannot mutate
 10758 | Orc:4    | Yermak: right
 10831 | Orc:4    | Yermak: this is awesome ending for immo scroll
 10854 | Orc:4    | Reached skill level 5 in Spellcasting
 10917 | Orc:4    | Noticed a cacodemon
 10960 | Orc:4    | Killed a cacodemon
 11207 | Orc:3    | Found a staircase to the Elven Halls.
 11290 | Orc:3    | Found a roughly hewn altar of Beogh.
 11423 | Orc:4    | Found Saotum's Antique Armour Shop.
 11424 | Orc:4    | Found Praniob's Book Emporium.
 11425 | Orc:4    | Found Yno Tahang's Antique Weapon Shop.
 11426 | Orc:4    | Found Derr's Distillery.
 11445 | Orc:4    | Bought a potion of curing for 36 gold pieces
 11445 | Orc:4    | Bought a potion of resistance for 126 gold pieces
 11445 | Orc:4    | Bought a potion of curing for 36 gold pieces
 11445 | Orc:4    | Bought a potion of curing for 36 gold pieces
 11445 | Orc:4    | Bought a potion of might for 45 gold pieces
 11453 | Orc:4    | Bought a bloodstained chain mail for 512 gold pieces
 11453 | Orc:4    | Bought a glowing dwarven plate armour for 883 gold pieces
 11476 | Orc:4    | Identified the cursed +8 chain mail of Makhleb's Hope {Dex+4 Int+4} (You bought it in a shop on level 4 of the Orcish Mines)
 11533 | Orc:4    | Learned a level 1 spell: Apportation
 11535 | Orc:4    | Learned a level 1 spell: Animate Skeleton
 11541 | Orc:4    | Learned a level 2 spell: Blink
 11544 | Orc:4    | Learned a level 2 spell: Repel Missiles
 11547 | Orc:4    | Learned a level 2 spell: Swiftness
 11550 | Orc:4    | Learned a level 2 spell: Shroud of Golubria
 11628 | Elf:1    | Entered Level 1 of the Elven Halls
 11929 | Elf:1    | Found Fiehoil's Weapon Boutique.
 11965 | Elf:1    | Reached skill level 10 in Spellcasting
 12031 | Elf:1    | Found Thuif's Gadget Boutique.
 12058 | Elf:1    | Found Cheogema's Gadget Boutique.
 12158 | Elf:3    | Entered Level 3 of the Elven Halls
 12320 | Elf:3    | Noticed a deep elf sorcerer
 12346 | Elf:3    | Killed a deep elf sorcerer
 12351 | Elf:3    | Reached skill level 1 in Translocations
 12393 | Elf:3    | Cast into the Abyss (deep elf demonologist)
 12395 | Abyss:1  | Found a corrupted altar of Lugonu.
 12461 | Abyss:1  | Found a corrupted altar of Lugonu.
 12531 | Abyss:1  | Reached XP level 15. HP: 132/132 MP: 33/33
 12585 | Abyss:1  | Noticed a profane servitor
 12595 | Abyss:1  | Killed a profane servitor
 12595 | Abyss:1  | Reached skill level 5 in Translocations
 12672 | Abyss:1  | Found a corrupted altar of Lugonu.
 13079 | Elf:3    | Escaped the Abyss
 13166 | Elf:3    | Noticed a deep elf sorcerer
 13173 | Elf:3    | Noticed a deep elf blademaster
 13197 | Elf:3    | Killed a deep elf blademaster
 13202 | Elf:3    | Killed a deep elf sorcerer
 13243 | Elf:3    | Noticed a deep elf blademaster
 13253 | Elf:3    | Noticed a deep elf sorcerer
 13255 | Elf:3    | Killed a deep elf blademaster
 13257 | Elf:3    | Noticed a deep elf master archer
 13262 | Elf:3    | Noticed a deep elf sorcerer
 13294 | Elf:3    | HP: 1/132 [spectral elf/shimmering mace[a deep elf death mage] (18)]
 13504 | Elf:2    | Found Yrozaony's General Store.
 13587 | Elf:3    | Got a pitted bone ring
 13596 | Elf:3    | Got an uncursed fine long sword
 13615 | Elf:3    | Identified the ring of Baff {Wiz rF- rC+ Str-4 Int+3} (You took it off a deep elf death mage on level 3 of the Elven Halls)
 13710 | Elf:3    | Killed a deep elf sorcerer
 13733 | Elf:3    | Got a shimmering mace
 13757 | Elf:3    | Noticed a deep elf master archer
 13826 | Elf:3    | Got a fine dire flail {flame}
 13854 | Elf:3    | Killed a deep elf master archer
 13908 | Elf:3    | Killed a deep elf master archer
 13908 | Elf:3    | Killed a deep elf sorcerer
 13930 | Elf:3    | Got a distressingly furry ring mail
 13978 | Elf:3    | Got a scintillating brass amulet
 13979 | Elf:3    | Identified the amulet "Quxkout" {Inacc rF+ rN+ SInv} (You found it on level 3 of the Elven Halls)
 14006 | Elf:3    | Identified the cursed -2 ring mail of Luusmeur {rC+} (You took it off a deep elf master archer on level 3 of the Elven Halls)
 14032 | Elf:3    | Learned a level 3 spell: Regeneration
 14034 | Elf:3    | Learned a level 1 spell: Summon Butterflies
 14126 | Elf:3    | Identified the Papyrus of Air (You found it on level 3 of the Elven Halls)
 14129 | Elf:3    | Got a shimmering ring mail
 14142 | Elf:3    | Learned a level 3 spell: Flight
 14164 | Elf:3    | Identified the +4 ring mail "Bloreluf" {rPois Stlth--} (You found it on level 3 of the Elven Halls)
 14257 | Elf:2    | Noticed an Executioner
 14349 | Elf:1    | Reached XP level 16. HP: 132/140 MP: 33/33
 14401 | Elf:1    | timbw: hi
 14416 | Elf:1    | 4tharraofdagon: hey
 14443 | Elf:2    | timbw: you are pretty strong for a ghoul
 14443 | Elf:2    | Reached skill level 15 in Polearms
 14508 | Elf:1    | 4tharraofdagon: idk why
 14712 | D:13     | Found a flagged portal.
 14727 | Bailey   | Entered a bailey
 14782 | Bailey   | Got an ichor-stained scale mail
 15004 | D:12     | 4tharraofdagon: time's up
 15004 | D:12     | 4tharraofdagon: for me today
 15037 | D:12     | Upgraded the game from 0.14-a0-1590-g25a9b7f to 0.14-a0-1626-g054e7ae
 15065 | D:12     | Noticed Erica
 15066 | D:12     | Noticed Joseph
 15084 | D:12     | Killed Joseph
 15093 | D:12     | Killed Erica
 15093 | D:12     | Reached skill level 16 in Polearms
 15133 | D:12     | Identified the +3 scale mail of Divine Intervention {Str+2 Dex+2} (You found it in a bailey)
 15433 | D:13     | Found a basalt altar of Yredelemnul.
 15618 | D:14     | Found a shimmering altar of Xom.
 15647 | D:14     | Noticed Louise
 15664 | D:14     | Killed Louise
 15859 | D:12     | Reached skill level 17 in Polearms
 16098 | Snake:1  | Entered Level 1 of the Snake Pit
 16271 | Snake:1  | Noticed Urug
 16291 | Snake:1  | Killed Urug
 16495 | Snake:2  | Got an ichor-stained helmet
 16528 | Snake:2  | Identified the +0 helmet of Baldness {Dex+1} (You found it on level 2 of the Snake Pit)
 16687 | Snake:1  | Noticed Aizul
 16698 | Snake:1  | Killed Aizul
 16838 | Snake:5  | Entered Level 5 of the Snake Pit
 16936 | Snake:5  | Noticed Kirke
 16945 | Snake:5  | Killed Kirke
 17080 | Snake:4  | Reached skill level 18 in Polearms
 17666 | Snake:4  | Reached XP level 17. HP: 148/148 MP: 34/34
 17782 | Snake:5  | Reached skill level 10 in Evocations
 18350 | Snake:5  | HP: 1/148 [naga mage/orb of energy (30)]
 19411 | Snake:5  | Noticed Lamia
 19432 | Snake:5  | Killed Lamia
 19546 | Snake:5  | Got a serpentine rune of Zot
 19999 | Snake:2  | Noticed Azrael
 20016 | Snake:2  | Killed Azrael
 20063 | Snake:1  | Noticed Snorg
 20075 | Snake:1  | Killed Snorg
 20111 | Shoals:1 | Entered Level 1 of the Shoals
 20152 | Lair:3   | Reached skill level 19 in Polearms
 20195 | Shoals:1 | Noticed Nikola
 20440 | Shoals:1 | Killed Nikola
 20440 | Shoals:1 | Reached XP level 18. HP: 96/157 MP: 35/35
 20586 | Shoals:1 | Noticed Nessos
 20745 | Shoals:2 | You fall through a shaft for 2 floors!
 20756 | Shoals:5 | Entered Level 5 of the Shoals
 20834 | Shoals:5 | Noticed Saint Roka
 20883 | Shoals:5 | Killed Saint Roka
 21038 | Shoals:5 | Noticed Ilsuiw
 21042 | Shoals:5 | Paralysed by an orc sorcerer for 4 turns
 21148 | Shoals:5 | Killed Ilsuiw
 21256 | Shoals:5 | Got a barnacled rune of Zot
 21516 | Shoals:5 | Identified a +4 rod of the swarm (14/14) (You found it on level 5 of the Shoals)
 21679 | Shoals:3 | Noticed Polyphemus
 22235 | Lair:8   | Killed Rupert
 22342 | Slime:1  | Entered Level 1 of the Pits of Slime
 22367 | Slime:2  | Paralysed by a giant eyeball for 2 turns
 22444 | Slime:2  | Reached skill level 1 in Charms
 22745 | Slime:6  | Entered Level 6 of the Pits of Slime
 22766 | Slime:5  | Reached XP level 19. HP: 96/158 MP: 34/35
 22930 | Slime:6  | Found a viscous altar of Jiyva.
 22933 | Slime:6  | Noticed the royal jelly
 23148 | Slime:6  | Reached skill level 20 in Polearms
 23247 | Slime:6  | Killed the royal jelly
 23310 | Slime:6  | Paralysed by a giant eyeball for 2 turns
 23315 | Slime:6  | Paralysed by a giant eyeball for 2 turns
 23544 | Slime:6  | Paralysed by a giant eyeball for 4 turns
 23550 | Slime:6  | Paralysed by a giant eyeball for 2 turns
 23617 | Slime:6  | Paralysed by a giant eyeball for 4 turns
 23624 | Slime:6  | Paralysed by a giant eyeball for 2 turns
 23744 | Slime:6  | :(
 23754 | Slime:6  | Got a slimy rune of Zot
 23898 | Slime:6  | Identified the Tome of the Creative Volcanoes (You found it on level 6 of the Pits of Slime)
 23932 | Slime:6  | Identified Sif Muna's Reference Book on Earthen Calling
 23936 | Slime:6  | Identified the Tome of Frigorific Illusion
 24369 | Slime:3  | Reached skill level 15 in Evocations
 24475 | Slime:2  | Paralysed by a giant eyeball for 4 turns
 24881 | D:14     | Found a gate to the Vaults.
 24890 | Vaults:1 | Entered Level 1 of the Vaults
 25923 | Vaults:2 | Reached XP level 20. HP: 142/175 MP: 36/36
 25940 | Vaults:2 | Mangled by an orc knight

Action                   |  1- 3 |  4- 6 |  7- 9 | 10-12 | 13-15 | 16-18 | 19-21 || total
-------------------------+-------+-------+-------+-------+-------+-------+-------++-------
Melee: Trident           |    80 |   272 |   455 |       |       |       |       ||   807
       Spear             |       |       |    13 |     7 |       |       |       ||    20
       Halberd           |       |       |     4 |    74 |       |       |       ||    78
       Glaive            |       |       |       |   859 |  1664 |  1880 |   633 ||  5036
       Demon trident     |       |       |       |       |       |       |   106 ||   106
Throw: Throwing net      |     4 |     5 |     1 |       |       |       |       ||    10
 Cast: Apportation       |       |       |       |       |     4 |    43 |    10 ||    57
       Blink             |       |       |       |       |       |     1 |     4 ||     5
       Repel Missiles    |       |       |       |       |       |       |     1 ||     1
Invok: Lesser Servant of |       |       |       |     2 |     9 |     8 |       ||    19
       Greater Servant o |       |       |       |     2 |    10 |    24 |     6 ||    42
       Minor Destruction |       |       |       |       |       |       |     3 ||     3
 Abil: Evoke Invisibilit |       |       |       |     2 |       |       |       ||     2
       Turn Visible      |       |       |       |     1 |       |       |       ||     1
       Stop Flying       |       |       |       |       |       |     1 |       ||     1
       Evoke Flight      |       |       |       |       |       |     1 |       ||     1
Evoke: Wand              |     1 |     6 |    17 |     7 |    23 |    15 |    22 ||    91
       lamp of fire      |       |       |       |       |     3 |     2 |     4 ||     9
       sack of spiders   |       |       |       |       |     1 |     1 |     3 ||     5
       phial of floods   |       |       |       |       |     1 |     1 |     2 ||     4
       fan of gales      |       |       |       |       |     1 |       |     2 ||     3
       Deck              |       |       |       |       |     1 |       |       ||     1
  Use: Scroll            |       |       |     8 |    16 |    16 |    24 |    11 ||    75
       Potion            |       |       |       |     6 |    25 |    12 |     6 ||    49
 Stab: Held in net/web   |     2 |     3 |       |       |       |       |       ||     5
       Invisible         |       |       |       |     3 |       |       |       ||     3
       Distracted        |       |       |       |     1 |     2 |     8 |       ||    11
       Petrified         |       |       |       |       |     1 |       |       ||     1
       Fleeing           |       |       |       |       |       |     1 |       ||     1
